 Dungeon Crawl Stone Soup version 0.30-a0-1116-gebefce21f7 (webtiles) character file.

Game seed: 14460784141726863785

415 sircluck the Chopper (level 6, -6/53 HPs)
             Began as a Hill Orc Fighter on Apr 21, 2023.
             Mangled by an iguana (7 damage)
             ... on level 4 of the Dungeon.
             The game lasted 00:05:21 (2981 turns).

sircluck the Chopper (Hill Orc Fighter)             Turns: 2981, Time: 00:05:23

Health: -6/53      AC: 12    Str: 21    XL:     6   Next: 92%
Magic:  6/6        EV:  9    Int:  8    God:
Gold:   160        SH:  4    Dex: 10    Spells: 5/5 levels left

rFire   . . .      SeeInvis .    a - +0 war axe
rCold   . . .      Faith    .    c - +0 buckler
rNeg    . . .      Spirit   .    b - +0 scale mail
rPois   .          Reflect  .    (no helmet)
rElec   .          Rampage  .    (no cloak)
rCorr   .                        C - +0 pair of gloves
Will    .....                    (no boots) Stlth
                                 (no amulet)
HPRegen 0.28/turn                A - +4 ring of protection
MPRegen 0.10/turn                t - ring of flight

@: mighty, lethally poisoned (-6 -> -6), flying
A: no striking features
a: no special abilities


You were on level 4 of the Dungeon.
You visited 1 branch of the dungeon, and saw 4 of its levels.

You collected 160 gold pieces.

Inventory:

Hand Weapons
 a - a +0 war axe (weapon)
Missiles
 e - 29 stones (quivered)
 p - a throwing net
 x - 4 poisoned darts
Armour
 b - a +0 scale mail (worn)
 c - a +0 buckler (worn)
 C - a +0 pair of gloves (worn)
Jewellery
 m - a ring of poison resistance
 s - a ring of resist corrosion
 t - a ring of flight (right hand)
 A - a +4 ring of protection (left hand)
Wands
 w - a wand of charming (6)
Scrolls
 f - 2 scrolls of identify {unknown}
 g - 2 scrolls of fog {unknown}
 i - a scroll of amnesia {unknown}
 k - 2 scrolls of vulnerability {unknown}
 l - a scroll of magic mapping {unknown}
 n - a scroll of brand weapon {unknown}
 o - a scroll of immolation {unknown}
 q - a scroll of blinking {unknown}
 r - a scroll of teleportation {unknown}
 v - a scroll of torment {unknown}
 y - a scroll of poison {unknown}
Potions
 d - a potion of might
 h - 3 potions of curing {unknown}
 j - 2 potions of mutation {unknown}
 u - a potion of heal wounds {unknown}
 z - a potion of resistance {unknown}
 B - a potion of flight {unknown}


   Skills:
 + Level 4.5 Fighting
 + Level 6.6 Axes
 + Level 0.1 Throwing
 + Level 4.7 Armour
 + Level 1.4 Dodging
 + Level 0.5 Stealth
 + Level 3.9 Shields
 + Level 0.3 Evocations


You had 5 spell levels left.
You didn't know any spells.
Your spell library contained the following spells:

 Spells                   Type           Power      Damage    Failure   Level
 Apportation              Tloc           0%         N/A       83%         1
 Magic Dart               Conj           0%         1d3       83%         1
 Necrotise                Necr           0%         1d4       83%         1
 Slow                     Hex            0%         N/A       83%         1
 Summon Small Mammal      Summ           0%         N/A       83%         1
 Call Imp                 Summ           0%         N/A       92%         2
 Searing Ray              Conj           0%         2d4       92%         2
 Confusing Touch          Hex            0%         N/A       99%         3
 Mephitic Cloud           Conj/Pois/Air  0%         N/A       99%         3
 Vampiric Draining        Necr           0%         2d6       99%         3
 Fulminant Prism          Conj/Hex       0%         3d5       100%        4


Dungeon Overview and Level Annotations

Branches:
Dungeon (4/15)
 Temple: D:4-7

Altars:
Ashenzari
Nemelex Xobeh
Okawaru
Sif Muna


Message History

* * * LOW HITPOINT WARNING * * *
The scorpion stings you but does no damage.
The kobold brigand hits you but does no damage.
You block the iguana's attack.
You slash the scorpion!
You kill the scorpion!
You barely miss the iguana. You slash the kobold brigand!
You feel sick.
The kobold brigand hits you but does no damage.
The iguana barely misses you.
Unknown command.
You closely miss the hobgoblin. You closely miss the iguana.
You hit the kobold brigand.
You feel sick. The kobold brigand closely misses you.
The iguana barely misses you. The hobgoblin closely misses you.
Unknown command.
You slash the hobgoblin!
You kill the hobgoblin!
You barely miss the iguana. You slash the kobold brigand!
You kill the kobold brigand!
You feel sick. The iguana bites you.
* * * LOW HITPOINT WARNING * * *
Unknown command.
Found 12 gold pieces.
* * * LOW HITPOINT WARNING * * *
You feel sick.
An iguana is nearby!
Aiming: Charm
Press: ? - help, Q - select action, (/) - cycle Shift-Dir - straight line, f - iguana
Aim: an iguana (chance to affect: 58%)
The iguana resists with significant effort.
* * * LOW HITPOINT WARNING * * *
You feel sick.
The iguana bites you but does no damage.
Aiming: Charm
Press: ? - help, Q - select action, (/) - cycle Shift-Dir - straight line, f/p - iguana
Aim: an iguana (chance to affect: 58%)
The iguana resists with significant effort.
* * * LOW HITPOINT WARNING * * *
You feel sick. The iguana bites you!
You die...

.. ##......#. ..
........<.
###.##.........
.........#.....
...............
........[......
.$.............
#..@)...#..
#..l.......
#.#.#.#.###
#.#..?#.####
..##.#'###.....
#.........###
#...........#
#...)...K..g...#
.......##l..##..#


You could see an iguana.

Vanquished Creatures
  A kobold brigand (D:4)
  2 scorpions (D:4)
  A hound (D:4)
  Jessica (D:3)
  Natasha (thrice) (D:2)
  4 adders
  A worm (D:2)
  A dart slug (D:1)
  6 bats
  5 endoplasms
  4 giant cockroaches
  5 hobgoblins
  7 kobolds
  3 quokkas
  5 ball pythons
  4 frilled lizards
  8 goblins
  9 rats
70 creatures vanquished.

Notes
Turn   | Place    | Note
-------+----------+-------------------------------------------
     0 | D:1      | sircluck the Hill Orc Fighter began the quest for the Orb.
     0 | D:1      | Reached XP level 1. HP: 19/19 MP: 1/1
    78 | D:1      | Reached XP level 2. HP: 27/27 MP: 2/2
   246 | D:1      | Reached skill level 3 in Axes
   546 | D:1      | Reached XP level 3. HP: 33/33 MP: 3/3
  1046 | D:2      | Noticed Natasha
  1057 | D:2      | Killed Natasha
  1058 | D:2      | Reached skill level 4 in Axes
  1095 | D:2      | Reached XP level 4. HP: 40/40 MP: 4/4
  1280 | D:2      | Noticed Natasha
  1289 | D:2      | Killed Natasha
  1438 | D:2      | You fall into a shaft and drop 1 floor!
  1561 | D:2      | Noticed Natasha
  1571 | D:2      | Killed Natasha
  1572 | D:2      | Reached skill level 1 in Dodging
  1572 | D:2      | Reached XP level 5. HP: 27/46 MP: 5/5
  1643 | D:2      | Reached skill level 5 in Axes
  2169 | D:3      | Found a sparkling altar of Nemelex Xobeh.
  2341 | D:3      | Found a broken altar of Ashenzari.
  2697 | D:3      | Noticed Jessica
  2706 | D:3      | Found a shimmering blue altar of Sif Muna.
  2843 | D:3      | Killed Jessica
  2955 | D:4      | Noticed a kobold brigand
  2955 | D:4      | Found an iron altar of Okawaru.
  2967 | D:4      | Reached XP level 6. HP: 47/52 MP: 6/6
  2973 | D:4      | Reached skill level 6 in Axes
  2980 | D:4      | HP: 2/53 [poisoned by a scorpion]
  2981 | D:4      | Mangled by an iguana

Illustrated notes

Levels and vault maps discovered:
D:1:      erik_arrival_orb_chamber, layout_basic, serial_glass, glass_columns_b,
          glass_columns_a
D:2:      layout_loops_ring, minmay_tree_intersection,
          kennysheep_generic_room_16, uniq_natasha
D:3:      layout_loops_cross, nemelex_diamond_rough_becter,
          nicolae_overflow_crystal_walls, tgw_sif
D:4:      layout_basic, nicolae_qazlal_general_emergency, okawaru_gym_becter,
          uniq_pikel

Skill      XL: |  1  2  3  4  5  6 |
---------------+-------------------+-----
Axes           | 3 4 5 6 |  6.6
Fighting       | 4 |  4.5
Dodging        | 1 |  1.4
Armour         | 4 |  4.7
Throwing       | |  0.1
Stealth        | |  0.5
Shields        | |  3.9
Evocations     | |  0.3

Action                     |  1- 3 |  4- 6 || total
---------------------------+-------+-------++-------
  Melee: War axe           |    94 |   135 ||   229
  Throw: Stone             |     3 |     9 ||    12
  Evoke: Wand              |       |     6 ||     6
    Use: Potion            |       |     1 ||     1
 Armour: Scale mail        |    44 |    74 ||   118
  Dodge: Dodged            |    40 |    67 ||   107
  Block: Buckler           |    18 |    45 ||    63

Table legend: (Time is in decaauts)
 A = Elapsed time spent in this place.
 B = Non-inter-level travel time spent in this place.
 C = Inter-level travel time spent in this place.
 D = Time resting spent in this place.
 E = Time spent auto-exploring this place.
 F = Levels seen in this place.
 G = Mean time per level.
                   A        B        C        D        E       F      G
               +--------+--------+--------+--------+--------+-----+--------+
         Total |   3094 |   2881 |    213 |    117 |   2145 |   4 |  773.5 |
       Dungeon |   3094 |   2881 |    213 |    117 |   2145 |   4 |  773.5 |
               +--------+--------+--------+--------+--------+-----+--------+

Top non-repeatable levels by time:
     D:2: 1146 daAuts
     D:1: 1057 daAuts
     D:3: 860 daAuts
     D:4: 29 daAuts
